 Dungeon Crawl Stone Soup version 0.21.1-1-g345015f (webtiles) character file.

103 Fang the Skirmisher (level 4, 0/43 HPs)
             Began as a Gargoyle Berserker on May 23, 2018.
             Was a Believer of Trog.
             Slain by peteyfrogboy's ghost (3 damage)
             ... on level 3 of the Dungeon.
             The game lasted 00:02:40 (2346 turns).

Fang the Skirmisher (Gargoyle Berserker)            Turns: 2346, Time: 00:02:41

Health: 0/43       AC: 22    Str: 22    XL:     4   Next: 79%
Magic:  4/4        EV:  2    Int:  7    God:    Trog [**....]
Gold:   54         SH:  0    Dex:  9    Spells: 3/3 levels left

rFire    . . .     SeeInvis .   a - +0 hand axe
rCold    . . .     Gourm    .   (no shield)
rNeg     + + +     Faith    .   (armour currently unavailable)
rPois    ∞         Spirit   .   (helmet currently unavailable)
rElec    .         Reflect  .   (cloak currently unavailable)
rCorr    .         Harm     .   (gloves currently unavailable)
MR       .....     NoTele   +   (boots currently unavailable)
Stlth    +.........             l - amulet of inaccuracy (curse)
HPRegen  0.14/turn              (no ring)
MPRegen  0.09/turn              (no ring)

@: tree-form, glowing
A: negative energy resistance 1, petrification resistance, rot immunity, AC +3
a: Berserk, Trog's Hand, Burn Spellbooks, Renounce Religion


You were on level 3 of the Dungeon.
You worshipped Trog.
Trog was pleased with you.
You were not hungry.
You were a tree.
You visited 1 branch of the dungeon, and saw 3 of its levels.

You collected 54 gold pieces.

Inventory:

Hand Weapons
 a - a +0 hand axe (weapon)
Armour
 b - a +0 animal skin (melded)
Jewellery
 l - a cursed amulet of inaccuracy (around neck)
Scrolls
 e - a scroll of immolation {unknown}
 g - 2 scrolls of identify {unknown}
 h - 2 scrolls of teleportation {unknown}
Potions
 d - a potion of lignification
 f - a potion of magic {unknown}
 i - a potion of brilliance {unknown}
 j - a potion of mutation {unknown}
 k - a potion of ambrosia {unknown}
Comestibles
 c - 4 rations


   Skills:
 + Level 3.9 Fighting
 + Level 3.7 Axes
 + Level 2.7 Armour
 + Level 2.2 Dodging
 + Level 0.8 Stealth


You had 3 spell levels left.
You didn't know any spells.

Dungeon Overview and Level Annotations

Branches:
Dungeon (3/15)

Altars:

Annotations:
D:3 peteyfrogboy's ghost, amateur KoEn


Innate Abilities, Weirdness & Mutations

You are resistant to torment.
((Your stone body is resilient. (AC +3)))
You are immune to poison.
You resist negative energy. (rN+)
((You are resistant to electric shocks. (rElec)))
((You can survive without breathing.))
You are immune to petrification.
You are immune to rotting.


Message History

The phantom is lightly damaged.
You hit peteyfrogboy's ghost. The phantom hits you.
* * * LOW HITPOINT WARNING * * *
The phantom blinks!
Peteyfrogboy's ghost hits you.
* * * LOW HITPOINT WARNING * * *
The phantom blinks!
Peteyfrogboy's ghost casts a spell at you.
You resist with significant effort.
It was a potion of lignification.
You turn into a tree.
Your +0 animal skin melds into your body.
Your roots penetrate the ground.
Okay, then.
You barely miss peteyfrogboy's ghost.
Peteyfrogboy's ghost is lightly damaged.
Peteyfrogboy's ghost hits you.
* * * LOW HITPOINT WARNING * * *
You miss peteyfrogboy's ghost.
Peteyfrogboy's ghost is lightly damaged.
Peteyfrogboy's ghost hits you.
You die...

#. .# ###.### .#
.....# .#
##.#.##.###
#.........#
#W#..#.# #.#W.#.#
#.......#.#....#
#.......#♣#.##.# #
#.......#W#(##.##.#
#...>...#.........#
#)......#####...###
#.......##.......#
#.......##(.....##
#.#)###.....##
#...........#
###.##......#


You could see a phantom and peteyfrogboy's ghost.

Vanquished Creatures
  A worker ant (D:2)
  2 adders (D:2)
  2 oozes (D:1)
  A worm (D:2)
  A dart slug (D:1)
  3 leopard geckos
  3 ball pythons (D:1)
  5 giant cockroaches
  5 goblins
  4 hobgoblins
  4 kobolds
  3 quokkas (D:2)
  2 bats (D:2)
  A frilled lizard (D:1)
  6 rats
43 creatures vanquished.

Notes
Turn   | Place    | Note
-------+----------+-------------------------------------------
     0 | D:1      | Fang the Gargoyle Berserker began the quest for the Orb.
     0 | D:1      | Reached XP level 1. HP: 14/14 MP: 1/1
   175 | D:1      | Reached XP level 2. HP: 19/19 MP: 2/2
   502 | D:1      | Reached XP level 3. HP: 16/24 MP: 3/3
  1042 | D:2      | Reached XP level 4. HP: 12/29 MP: 4/4
  1421 | D:2      | Reached ** piety under Trog
  2326 | D:3      | Noticed a phantom
  2329 | D:3      | Noticed peteyfrogboy's ghost (amateur KoEn)
  2346 | D:3      | Slain by peteyfrogboy's ghost

Skill      XL: |  1  2  3 |
---------------+----------+-----
Axes           | 3 |  3.7
Dodging        | 2 |  2.2
Fighting       | |  3.9
Armour         | |  2.7
Stealth        | |  0.8

Action                   |  1- 3 |  4- 6 || total
-------------------------+-------+-------++-------
Melee: Hand axe          |    91 |    80 ||   171
Invok: Berserk           |     1 |     1 ||     2
  Use: Potion            |       |     1 ||     1
  Eat: Chunk             |       |     6 ||     6
Armor: Animal skin       |    33 |    18 ||    51
Dodge: Dodged            |    53 |    54 ||   107
